 Dungeon Crawl Stone Soup version 0.27.1-34-g3ba077fa99 (webtiles) character file.

Game seed: 15967666328041042510

1087 Malroth the Stinger (level 8, -2/52 HPs)
             Began as a Merfolk Venom Mage on Jan 23, 2022.
             Slain by a water moccasin skeleton (4 damage)
             ... on level 5 of the Dungeon on Jan 24, 2022.
             The game lasted 01:03:15 (7115 turns).

Malroth the Stinger (Merfolk Venom Mage)            Turns: 7115, Time: 01:03:16

Health: -2/52      AC:  7    Str:  8    XL:     8   Next: 30%
Magic:  8/17       EV: 12    Int: 16    God:
Gold:   130        SH:  5    Dex: 15    Spells: 13/19 levels left

rFire    . . .     SeeInvis .   a - +3 quarterstaff (chaos)
rCold    + . .     Faith    .   (shield currently unavailable)
rNeg     . . .     Spirit   .   s - +2 robe {Will+}
rPois    .         Reflect  +   (no helmet)
rElec    .         Harm     .   h - +2 cloak
rCorr    .         Rampage  .   (no gloves)
Will     +....                  (no boots)
Stlth    ++........             o - amulet of reflection
HPRegen  0.17/turn              p - ring of protection from cold
MPRegen  0.15/turn              (no ring)

@: no status effects
A: (nimble swimmer 2), mertail
a: no special abilities


You were on level 5 of the Dungeon.
You visited 1 branch of the dungeon, and saw 5 of its levels.

You collected 222 gold pieces.
You spent 92 gold pieces at shops.

Inventory:

Hand Weapons
 a - a +3 quarterstaff of chaos (weapon)
 m - a +1 whip of venom
Armour
 h - a +2 cloak (worn)
 s - a +2 robe of willpower (worn)
Jewellery
 o - an amulet of reflection (around neck)
 p - a ring of protection from cold (left hand)
Wands
 t - a wand of charming (7)
Scrolls
 c - a scroll of immolation
 d - a scroll of teleportation {unknown}
 e - 2 scrolls of fog {unknown}
 f - a scroll of torment {unknown}
 g - 3 scrolls of enchant armour {unknown}
 k - 2 scrolls of blinking
 n - 3 scrolls of identify
 q - a scroll of noise {unknown}
 u - a scroll of enchant weapon {unknown}
 w - a scroll of amnesia {unknown}
Potions
 b - 4 potions of curing
 i - a potion of invisibility {unknown}
 j - 2 potions of mutation {unknown}
 l - 2 potions of lignification {unknown}
 r - a potion of ambrosia {unknown}
 v - a potion of heal wounds {unknown}


   Skills:
 - Level 2.6 Dodging
 - Level 2.1 Stealth
 - Level 0.2 Shields
 + Level 6.0 Spellcasting
 - Level 4.0 Transmutations
 - Level 2.0 Air Magic
 + Level 7.2 Poison Magic


You had 13 spell levels left.
You knew the following spells:

 Your Spells              Type           Power      Damage    Failure   Level
a - Sting                 Tmut/Pois      88%        1d7       1%          1
b - Poisonous Vapours     Pois/Air       38%        N/A       3%          2
c - Mephitic Cloud        Conj/Pois/Air  14%        N/A       12%         3

Your spell library contained the following spells:

 Spells                   Type           Power      Damage    Failure   Level
 Olgreb's Toxic Radiance  Pois           27%        N/A       7%          4
 Animate Skeleton         Necr           8%         N/A       14%         1
 Apportation              Tloc           8%         N/A       14%         1
 Corona                   Hex            4%         N/A       14%         1
 Summon Small Mammal      Summ           16%        N/A       14%         1


Dungeon Overview and Level Annotations

Branches:
Dungeon (5/15)
 Temple: D:4-7

Altars:
Dithmenos
Hepliaklqana
Makhleb
Qazlal
Trog

Shops:
D:2 [


Innate Abilities, Weirdness & Mutations

((You are quick and stealthy near water. (Stealth+, EV+, Speed+++)))
Your lower body shifts to a powerful aquatic tail in water.


Message History

Press: ? - help, Dir - move target, f/p - gnoll
Aim: a gnoll, wielding a +0 spear (almost dead) Poisonous vapours surround the gnoll!
The gnoll is poisoned.
You kill the gnoll!
The water moccasin skeleton completely misses you.
You block the water moccasin skeleton's attack.
The water moccasin skeleton bites you.
* * * LOW HITPOINT WARNING * * *
The water moccasin skeleton bites you.
* * * LOW HITPOINT WARNING * * *
You hit the water moccasin skeleton.
The water moccasin skeleton is lightly damaged.
You block the water moccasin skeleton's attack.
You hit the water moccasin skeleton.
The water moccasin skeleton is lightly damaged.
The water moccasin skeleton barely misses you.
The water moccasin skeleton bites you.
* * * LOW HITPOINT WARNING * * *
You hit the water moccasin skeleton.
The water moccasin skeleton is moderately damaged.
The water moccasin skeleton bites you but does no damage.
You hit the water moccasin skeleton. You burn the water moccasin skeleton.
The water moccasin skeleton is heavily damaged.
The water moccasin skeleton misses you. The water moccasin skeleton bites you.
* * * LOW HITPOINT WARNING * * *
You closely miss the water moccasin skeleton.
The water moccasin skeleton is heavily damaged.
The water moccasin skeleton bites you.
* * * LOW HITPOINT WARNING * * *
The water moccasin skeleton bites you.
* * * LOW HITPOINT WARNING * * *
You thump the water moccasin skeleton! You burn the water moccasin skeleton.
The water moccasin skeleton is severely damaged.
The water moccasin skeleton closely misses you.
You hit the water moccasin skeleton but do no damage.
The water moccasin skeleton suddenly seems more agile.
The water moccasin skeleton is severely damaged.
You block the water moccasin skeleton's attack.
The water moccasin skeleton bites you.
You die...

.)# #.####....##
..#) #.....)#...##
..#. ###.........#
..#.. #.#.#.#.#.#
####.####.........#
...##.#.#.#.#.#
#.#..........#
.#####....#.#.#.#.#
........#......Z@.##
####....#(#.#.#.#..#
........#..........#
........##########.#
........# #..#
##.##.#.# ##.##
##.##.#.########..#
#........)...[...##
#####.#.###.######


You could see a water moccasin skeleton (agile).

Vanquished Creatures
  Pikel (D:4)
  Eustachio (D:4)
  2 lemures (D:4)
  A water moccasin zombie (D:5)
  2 water moccasin skeletons
  Crazy Yiuf (D:4)
  A bullfrog skeleton (D:5)
  2 centaur skeletons
  Terence (D:2)
  An iguana (D:4)
  An orc wizard (D:4)
  A hound skeleton (D:4)
  3 adders
  3 gnolls (D:5)
  An ufetubus (D:4)
  An adder zombie (D:5)
  A worm (D:2)
  A dart slug (D:2)
  3 orcs (D:4)
  6 endoplasms
  2 giant cockroaches (D:1)
  4 goblins
  4 hobgoblins
  3 jackals (D:3)
  7 kobolds
  4 ball pythons
  2 bats
  10 frilled lizards
  6 rats
76 creatures vanquished.

Vanquished Creatures (others)
  6 plants (D:3)
6 creatures vanquished.

Grand Total: 82 creatures vanquished

Notes
Turn   | Place    | Note
-------+----------+-------------------------------------------
     0 | D:1      | Malroth the Merfolk Venom Mage began the quest for the Orb.
     0 | D:1      | Reached XP level 1. HP: 13/13 MP: 3/3
   506 | D:1      | Reached XP level 2. HP: 19/19 MP: 3/5
   677 | D:1      | Learned a level 2 spell: Poisonous Vapours
  1316 | D:2      | Noticed Terence
  1344 | D:2      | Killed Terence
  1345 | D:2      | Reached skill level 4 in Poison Magic
  1345 | D:2      | Reached XP level 3. HP: 24/24 MP: 0/6
  1466 | D:2      | Found Qeodearo's Antique Armour Boutique.
  1688 | D:2      | Reached XP level 4. HP: 18/30 MP: 0/8
  2215 | D:3      | Found a shadowy altar of Dithmenos.
  2399 | D:3      | Found a faded altar of an unknown god.
  3726 | D:4      | Noticed Eustachio
  3873 | D:4      | Found a bloodstained altar of Trog.
  4088 | D:4      | Reached XP level 5. HP: 35/35 MP: 1/9
  4280 | D:2      | Bought an embroidered robe for 92 gold pieces
  4585 | D:4      | Found a burning altar of Makhleb.
  4586 | D:4      | Found a stormy altar of Qazlal.
  5102 | D:4      | Found a runed translucent door.
  5103 | D:4      | Noticed Crazy Yiuf
  5118 | D:4      | Killed Crazy Yiuf
  5304 | D:4      | Noticed a lemure
  5307 | D:4      | Noticed a lemure
  5307 | D:4      | Noticed a lemure
  5360 | D:4      | Noticed a lemure
  5401 | D:4      | Killed a lemure
  5556 | D:4      | Reached XP level 6. HP: 41/41 MP: 3/11
  5731 | D:4      | Reached skill level 5 in Poison Magic
  5864 | D:4      | Noticed Pikel
  5901 | D:4      | Killed Pikel
  5902 | D:4      | Reached skill level 5 in Spellcasting
  5902 | D:4      | Reached skill level 1 in Air Magic
  5902 | D:4      | Reached skill level 6 in Poison Magic
  5902 | D:4      | Reached XP level 7. HP: 11/46 MP: 2/14
  6184 | D:4      | Killed Eustachio
  6253 | D:4      | Learned a level 3 spell: Mephitic Cloud
  6382 | D:5      | Entered Level 5 of the Dungeon
  6501 | D:5      | Reached XP level 8. HP: 52/52 MP: 14/16
  6593 | D:5      | Found a hazy altar of Hepliaklqana.
  6881 | D:5      | Reached skill level 7 in Poison Magic
  7113 | D:5      | HP: 1/52 [water moccasin skeleton (2)]
  7115 | D:5      | Slain by a water moccasin skeleton

Illustrated notes

Levels and vault maps discovered:
D:1:      dpeg_arrival_pits, layout_basic, chequers_garden,
          minmay_misc_feat_diagonals, st_stairs_10
D:2:      layout_rooms, serial_shops, shop, uniq_terence
D:3:      layout_basic, mainiacjoe_overflow_surrounded_room,
          basic_ecumenical_altar, kennysheep_nub, minmay_lizard_king
D:4:      layout_gridville, amethyst_overflow_temple_binary, bloody_trog,
          uniq_eustachio, uniq_crazy_yiuf_cottage, uniq_pikel
D:5:      layout_basic, lemuel_tele_altar, mainiacjoe_overflow_brackets,
          serial_co_window_serial, co_window_of_opportunity_a,
          co_window_paths_b, co_window_corner_a, co_window_paths_a,
          co_window_cross_1, co_window_broadway_a, co_window_cross_4,
          co_window_of_opportunity_b, co_window_corner_ca, co_window_corner_b,
          glass_columns_c, glass_columns_c

Skill      XL: |  1  2  3  4  5  6  7  8 |
---------------+-------------------------+-----
Transmutations | 2 3 4 |  4.0
Poison Magic   | 4 6 7 |  7.2
Spellcasting   | 3 5 6 |  6.0
Air Magic      | 1 2 |  2.0
Dodging        | |  2.6
Stealth        | |  2.1
Shields        | |  0.2

Action                   |  1- 3 |  4- 6 |  7- 9 || total
-------------------------+-------+-------+-------++-------
Melee: Unarmed           |    16 |       |       ||    16
       Whip              |       |    27 |       ||    27
       Quarterstaff      |       |     6 |    32 ||    38
 Cast: Sting             |    52 |    71 |    22 ||   145
       Poisonous Vapours |    14 |    42 |    11 ||    67
       Mephitic Cloud    |       |       |     1 ||     1
  Use: Scroll            |       |     4 |       ||     4
Armor: Robe              |     8 |    38 |    16 ||    62
Dodge: Dodged            |    14 |    35 |    26 ||    75
Block: Other             |       |    16 |    14 ||    30
